 Dungeon Crawl Stone Soup version 0.30.1-9-gdf580d7c3d (webtiles) character file.

Game seed: 6336172961487729569

13 Peloso the Shield-Bearer (level 2, 27/27 HPs)
             Began as a Minotaur Fighter on Oct 1, 2023.
             Got out of the dungeon alive.
             The game lasted 00:00:50 (742 turns).

Peloso the Shield-Bearer (Minotaur Fighter)          Turns: 742, Time: 00:00:50

Health: 27/27      AC:  7    Str: 19    XL:     2   Next: 24%
Magic:  1/1        EV:  9    Int:  9    God:
Gold:   47         SH:  4    Dex:  8    Spells: 1/1 levels left

rFire   . . .        a - +0 long sword
rCold   . . .        c - +0 buckler
rNeg    . . .        b - +0 scale mail
rPois   .            (helmet restricted)
rElec   .            (no cloak)
rCorr   .            (no gloves)
SInv    .            (no boots)
Will    .....        (no amulet) Stlth
                     (no ring)
HPRegen 0.24/turn    (no ring)
MPRegen 0.07/turn

%: no passive effects
@: no status effects
A: horns 2, retaliatory headbutt, clever 1, mutation resistance 1, MP-powered
wands
a: no special abilities


You escaped.
You visited 1 branch of the dungeon, and saw 1 of its levels.

You collected 47 gold pieces.

Inventory:

Hand Weapons
 a - a +0 long sword (weapon)
Armour
 b - a +0 scale mail (worn)
 c - a +0 buckler (worn)
Scrolls
 e - a scroll of fear {unknown}
 g - a scroll of blinking {unknown}
 j - 2 scrolls of identify {unknown}
Potions
 d - 2 potions of might
 i - 2 potions of curing {unknown}
 k - a potion of brilliance {unknown}


   Skills:
 + Level 3.9 Fighting
 + Level 2.6 Long Blades
 + Level 3.9 Armour
 + Level 3.9 Shields


You had one spell level left.
You didn't know any spells.
Your spell library was empty.

Dungeon Overview and Level Annotations

Branches:
Dungeon (1/15)

Altars:


Innate Abilities, Weirdness & Mutations

You have a pair of horns on your head.
You reflexively headbutt those who attack you in melee.
Your mind is acute. (Int +4, Str/Dex -1)
You are somewhat resistant to further mutation.
You expend magic power (3 MP) to strengthen your wands.


Message History

A rat comes into view.
There are monsters nearby!
There are monsters nearby!
There are monsters nearby!
You block the frilled lizard's attack.
The frilled lizard attacks as you move away!
The frilled lizard bites you.
You barely miss the frilled lizard. The frilled lizard bites you.
You hit the frilled lizard.
You kill the frilled lizard!
You hit the rat.
You kill the rat!
You enter the shallow water.
Moving in this stuff is going to be slow.
You enter the shallow water.
Moving in this stuff is going to be slow.
You enter the shallow water.
Moving in this stuff is going to be slow.
You enter the shallow water.
Moving in this stuff is going to be slow.
You see here 3 silver javelins.
You see here 8 stones.
You see here a ball python corpse.
You see here 3 silver javelins.
Done exploring.
Done exploring.
Done exploring.
Done exploring.
It was a potion of attraction.
You feel attractive to monsters.
It was a potion of mutation.
You feel extremely strange.
You feel your magical essence link to the dungeon's wands.
You feel genetically stable.
You feel clever.
(D) Dungeon
Where to? (? - help)
What level of the Dungeon? (default 1, ? - help)
You feel less attractive to monsters.
There is a staircase leading out of the dungeon here.
Are you sure you want to leave the Dungeon?
This will make you lose the game!
You have escaped!

###.###
##.##.##
##..###...
###.##
##.##.##
#......#.
.....#
##.####.#
#........
.....#
##.####.##
#...#.##.
.....#
#.####.##
#...#.###
######
##.##.##
##...#†#
##.##.##
#......##
#.####.#
#....(..##
### #@##
#........#
###
##......##
#(#....##
#........
##.###..##
#.........
##########


There were no monsters in sight!

Vanquished Creatures
  3 ball pythons (D:1)
  An endoplasm (D:1)
  A hobgoblin (D:1)
  2 quokkas (D:1)
  A frilled lizard (D:1)
  A kobold (D:1)
  3 rats (D:1)
12 creatures vanquished.

Notes
Turn   | Place    | Note
-------+----------+-------------------------------------------
     0 | D:1      | Peloso the Minotaur Fighter began the quest for the Orb.
     0 | D:1      | Reached XP level 1. HP: 19/19 MP: 0/0
   270 | D:1      | Reached XP level 2. HP: 27/27 MP: 1/1
   698 | D:1      | Gained mutation: You expend magic power (3 MP) to
                  | strengthen your wands. [potion of mutation]
   698 | D:1      | Gained mutation: You are somewhat resistant to further
                  | mutation. [potion of mutation]
   698 | D:1      | Gained mutation: Your mind is acute. (Int +4, Str/Dex -1)
                  | [potion of mutation]
   742 | D:$      | Got out of the dungeon alive.

Illustrated notes

Levels and vault maps discovered:
D:1:      nagdon_arrival_zigzag_paths, layout_basic, serial_bayou_pond_b

Action                     || total
---------------------------++-------
  Melee: Long sword        ||    18
         Headbutt          ||     3
    Use: Potion            ||     2
 Armour: Scale mail        ||     9
  Dodge: Dodged            ||     7
  Block: Buckler           ||     3
